 Dungeon Sprint DCSS version 0.24-a0-244-ga6a6ab7 (webtiles) character file.

Game seed: 4369747539240766718

214981 MikeHunt the Intangible (level 17, 0/169 HPs)
             Began as a Merfolk Berserker on Apr 10, 2019.
             Was the Champion of Trog.
             Slain by an acid blob (26 damage)
             ... created by the Royal Jelly
             ... in the Dungeon (Sprint III: "The Ten Rune Challenge").
             The game lasted 01:16:49 (11494 turns).

MikeHunt the Intangible (Merfolk Berserker)        Turns: 11494, Time: 01:16:49

Health: 0/169      AC: 30    Str: 21      XL:     17   Next: 98%
Magic:  25/25      EV: 28    Int:  9 (10) God:    Trog [******]
Gold:   303        SH:  0    Dex: 26      Spells: 16/16 levels left

rFire    + + +     SeeInvis +   a - +11 halberd of Fyampusion {god gift, freeze, rC+}
rCold    + + +     Gourm    .   (shield currently unavailable)
rNeg     + . .     Faith    .   H - +4 plate armour {rF+}
rPois    +         Spirit   .   L - +3 crown of Dyrovepreva {rElec Int+2 SInv}
rElec    +         Reflect  .   T - +1 cloak {rPois}
rCorr    +         Harm     .   G - +2 pair of gloves
MR       +++++     Clarity  +   W - +1 pair of boots "Xirph" {Dex+3} Stlth ..........NoTele +
                                X - amulet of regeneration
HPRegen  1.78/turn              s - ring of Giusab {rF+ rC+ Str+3}
MPRegen  0.19/turn              y - ring "Huschiff" {rN+ MR+ Int+3 Dex+4}

@: resistant, corroded, berserk cooldown, very slightly contaminated,
regenerating, hasted and slowed
A: change form in water, swift swim, stealthy swim, clarity, deterioration 2,
dopey 1, low mp 1, magic resistance 1
}: 3/10 runes: decaying, barnacled, silver
a: Berserk, Trog's Hand, Brothers in Arms, Renounce Religion


You were in the Dungeon.
You worshipped Trog.
Trog was exalted by your worship.
You were near starving.

You visited 1 branch You collected 4146 gold pieces.
You spent 3843 gold pieces at shops.

Inventory:

Hand Weapons
 a - the +11 halberd of Fyampusion (weapon) {god gift, freeze, rC+}
   (Trog gifted it to you in the Dungeon)

   It has been specially enchanted to freeze those struck by it, causing extra
   injury to most foes and up to half again as much damage against particularly
   susceptible opponents.
   It can also slow down cold-blooded creatures.
   It protects you from cold.
 b - a +0 blowgun
 A - a +4 antimagic glaive {god gift}
Missiles
 d - 7 curare-tipped needles
 w - 18 steel javelins {god gift}
 x - 15 javelins of returning {god gift}
 E - 8 silver javelins {god gift}
 U - 33 needles of sleeping {god gift}
 V - 2 steel tomahawks {god gift}
 Y - 21 javelins of penetration (quivered) {god gift}
Armour
 G - a +2 pair of gloves (worn)
 H - a +4 plate armour of fire resistance (worn)
 L - the +3 crown of Dyrovepreva (worn) {rElec Int+2 SInv}
   (You bought it in a shop in the Dungeon)

   It affects your intelligence (+2).
   It insulates you from electricity.
   It lets you see invisible.
 T - a +1 cloak of poison resistance (worn)
 W - the +1 pair of boots "Xirph" (worn) {Dex+3}
   (You bought it in a shop in the Dungeon)

   It affects your dexterity (+3).
Jewellery
 k - an uncursed ring of flight
 s - the ring of Giusab (left hand) {rF+ rC+ Str+3}
   (You took it off a deep elf high priest in the Dungeon)

   [ring of protection from cold]

   It affects your strength (+3).
   It protects you from fire.
   It protects you from cold.
 y - the ring "Huschiff" (right hand) {rN+ MR+ Int+3 Dex+4}
   (You took it off a vault guard in the Dungeon)

   [ring of positive energy]

   It affects your intelligence (+3).
   It affects your dexterity (+4).
   It protects you from negative energy.
   It affects your resistance to hostile enchantments.
 I - an uncursed ring of protection from magic
 P - the ring "Bave" {Ice MP-9 Str-5 Slay+5 SInv}
   (You took it off a deep elf mage in the Dungeon)

   [ring of ice]

   It enhances your ice magic.
   It affects your strength (-5).
   It affects your accuracy and damage with ranged weapons and melee attacks
   (+5).
   It makes you vulnerable to fire.
   It protects you from cold.
   It affects your magic capacity (-9).
   It lets you see invisible.
 S - an uncursed ring of positive energy
 X - an amulet of regeneration (around neck)
 Z - an uncursed ring of protection from fire
Wands
 q - a wand of disintegration (23)
 t - a wand of iceblast (12)
 Q - a wand of acid (11)
Scrolls
 l - 7 scrolls of remove curse
 n - a scroll of holy word
 o - 8 scrolls of identify
 r - a scroll of silence
 v - 2 scrolls of acquirement
 C - a scroll of enchant armour
 R - a scroll of magic mapping
Potions
 e - 6 potions of heal wounds
 f - 3 potions of haste
 g - 2 potions of magic
 h - 2 potions of berserk rage
 m - 7 potions of flight
 p - 5 potions of mutation
 u - a potion of lignification
 B - 2 potions of might
 F - 9 potions of curing
 K - 4 potions of agility
Miscellaneous
 j - a phantom mirror
 z - 2 boxes of beasts
 D - a phial of floods
 J - a lamp of fire (inert)
 M - a fan of gales
 N - the horn of Geryon (inert)
Comestibles
 c - 13 rations


   Skills:
 - Level 25.5 Fighting
 - Level 24.7 Polearms
 - Level 16.0 Throwing
 - Level 25.1 Armour
 O Level 27 Dodging
 + Level 0.0 Stealth
 + Level 15.3 Evocations


You had 16 spell levels left.
You didn't know any spells.
Your spell library was empty.

Dungeon Overview and Level Annotations

Branches:
Dungeon (1/1)

Altars:
Cheibriados
Dithmenos
Elyvilon
Fedhas
Gozag
Hepliaklqana
Kikubaaqudgha
Makhleb
Nemelex Xobeh
Okawaru
Qazlal
Ru
Sif Muna
Trog
Uskayaw
Vehumet
Wu Jian
Xom
Yredelemnul
Zin
The Shining One
Beogh
Jiyva
Lugonu

Shops:
D [%:!(}![%[}%!=:[}[?%[[?(

Annotations:
D exclusion: 2 doors


Innate Abilities, Weirdness & Mutations

You revert to your normal form in water You are very nimble and swift while swimming.
You are very stealthy in the water. (Stealth+)
You possess an exceptional clarity of mind.
Your body often deteriorates upon taking damage.
You are dopey. (Int -2)
Your magical capacity is low. (-10% MP)
You are resistant to hostile enchantments. (MR+)


Message History

The javelin of penetration {god gift} pierces through the death ooze!!!
You destroy the death ooze!
That felt strangely unrewarding.
The acid blob misses you.
Attack whom?
Press: ? - help, Dir - move target cursor, f - acid blob
Aim: an acid blob (lightly wounded)
Okay, then.
Throwing (i - inventory. (/) - cycle)
Y - 22 javelins of penetration (quivered)
{god gift}
Press: ? - help, Shift-Dir - straight line, f - azure jelly
Aim: an azure jelly (almost dead)
You throw a javelin of penetration {god gift}.
The javelin of penetration {god gift} pierces through the acid blob!!!
The acid blob is severely wounded.
The javelin of penetration {god gift} pierces through the acid blob!
The acid blob is almost dead.
The javelin of penetration {god gift} barely misses the death ooze.
The javelin of penetration {god gift} pierces through the azure jelly!!!
You kill the azure jelly!
That felt strangely unrewarding.
The acid blob hits you!!
You die...

▓..)#.≈≈≈≈.≈≈≈♣
▓##'####[#######♣
▓..)...........(♣♣
▓#'#############'♣
▓...#≈.....÷....(♣
▓...+≈≈...########
▓...#≈≈≈..........
▓.).#≈≈≈≈.....(...
#@#############'##
##J###### ▓≈≈≈
##J#..J### ▓≈≈≈
##JJ.....## ▓≈≈≈
##J.J§JJ...## ▓≈≈.
#....###....# ▓≈≈≈
#...##$##...# ▓≈≈≈
##..#)φ|#J.## ▓≈≈[
#..J##$##...# ▓..≈


You could see 3 acid blobs, an azure jelly and 2 death oozes.

Vanquished Creatures
  the Royal Jelly (D)
  Mennas (D)
  Sojobo (D)
  Boris (D)
  A golden dragon (D)
  Geryon (D)
  Nikola (D)
  Rupert (D)
  A lich (D)
  A titan (D)
  2 deep elf blademasters (D)
  2 sphinxes (D)
  Polyphemus (D)
  4 acid blobs (D)
  An Executioner (D)
  Gastronok (D)
  3 shadow dragons (D)
  Chuck (D)
  A storm dragon (D)
  8 azure jellies (D)
  Dowan (D)
  Ilsuiw (D)
  Roxanne (D)
  A fire giant (D)
  A frost giant (D)
  3 war gargoyles (D)
  4 stone giants (D)
  2 vampire knights (D)
  2 deep elf annihilators (D)
  A yellow draconian (D)
  2 dire elephants (D)
  Azrael (D)
  2 death oozes (D)
  A deep elf death mage (D)
  A fire dragon (D)
  A merfolk javelineer (D)
  4 yaktaur captains (D)
  2 mummy priests (D)
  A deep elf high priest (D)
  3 hydras (D)
  16 vault guards (D)
  2 hell beasts (D)
  Erica (D)
  3 centaur warriors (D)
  An ogre mage (D)
  4 dancing weapons (D)
  Urug (D)
  An iron elemental (D)
  4 death yaks (D)
  A deep elf knight (D)
  An iron golem (D)
  2 soul eaters (D)
  2 sun demons (D)
  A sea snake (D)
  9 skeletal warriors (D)
  An unseen horror (D)
  A shadow wraith (D)
  A spriggan druid (D)
  A lindwurm (D)
  3 death drakes (D)
  An orange crystal statue (D)
  An obsidian statue (D)
  A spectral hydra (D)
  3 orc knights (D)
  2 oklob plants (D)
  4 crystal guardians (D)
  3 shining eyes (D)
  An orc sorcerer (D)
  6 ugly things (D)
  8 deep elf magi (D)
  2 black mambas (D)
  A water nymph (shapeshifter) (D)
  2 elephants (D)
  An iron troll simulacrum (D)
  A stone giant skeleton (D)
  7 statues (D)
  An eye of devastation (shapeshifter) (D)
  Duvessa (D)
  A molten gargoyle (D)
  9 yaktaurs (D)
  A rime drake (D)
  A komodo dragon (D)
  2 spiny frogs (D)
  2 ice devils (D)
  3 anaconda simulacra (D)
  4 guardian mummies (D)
  3 wandering mushrooms (D)
  4 spriggan defenders (D)
  A queen bee (D)
  8 slime creatures (D)
  3 hornets (D)
  2 tyrant leeches (D)
  8 blink frogs (D)
  An orc high priest (D)
  A slime creature (shapeshifter) (D)
  3 dream sheep (D)
  2 spriggans (D)
  3 redbacks (D)
  A shadow (D)
  2 redbacks (shapeshifter) (D)
  A golden eye (D)
  A warg (shapeshifter) (D)
  A spatial vortex (D)
  3 hydra simulacra (D)
  A swamp drake (D)
  4 floating eyes (D)
  2 orc warriors (D)
  A necrophage (D)
  2 black mamba simulacra (D)
  3 swamp dragon skeletons (D)
  2 centaurs (D)
  A fire dragon simulacrum (D)
  An earth elemental (D)
  A water elemental (D)
  32 killer bees (D)
  4 electric eels (D)
  A jelly (D)
  5 orc priests (D)
  A wizard (D)
  Crazy Yiuf (D)
  A necromancer (D)
  A wolf simulacrum (D)
  3 humans (D)
  A kobold demonologist (D)
  2 oozes (D)
  12 orcs (D)
  2 rats (D)
  5 butterflies (D)
  2 plants (D)
333 creatures vanquished.

Vanquished Creatures (collateral kills)
  Mara (D)
  An iron giant (D)
  An acid blob (D)
  A shadow dragon (D)
  A war gargoyle (D)
  A death ooze (D)
  2 vault guards (D)
  A statue (D)
  4 butterflies (D)
13 creatures vanquished.

Vanquished Creatures (others)
  2 deep elf blademasters (D)
  2 draconian scorchers (D)
  Nessos (D)
  A glowing orange brain (D)
  6 hellions (D)
  4 yaktaurs (D)
  6 ball lightnings (D)
  2 ballistomycetes (D)
  2 ballistomycete spores (D)
  2 bushes (D)
  A butterfly (D)
  39 plants (D)
68 creatures vanquished.

Grand Total: 414 creatures vanquished

Notes
Turn   | Place    | Note
-------+----------+-------------------------------------------
     0 | D        | MikeHunt the Merfolk Berserker began the quest for the Orb.
     0 | D        | Reached XP level 1. HP: 18/18 MP: 1/1
     7 | D        | Reached skill level 5 in Polearms
     7 | D        | Reached skill level 3 in Dodging
    12 | D        | Reached XP level 2. HP: 16/25 MP: 2/2
    20 | D        | Reached ** piety under Trog
    29 | D        | Killed a yaktaur
    65 | D        | Killed a hellion
    92 | D        | Killed a hellion
    93 | D        | Killed a hellion
   103 | D        | Killed a hellion
   105 | D        | Killed a hellion
   133 | D        | Noticed Crazy Yiuf
   143 | D        | Killed Crazy Yiuf
   143 | D        | Reached XP level 3. HP: 30/30 MP: 3/3
   159 | D        | Reached skill level 10 in Polearms
   159 | D        | Reached XP level 4. HP: 37/37 MP: 4/4
   178 | D        | Killed a white draconian scorcher
   189 | D        | Killed a white draconian scorcher
   193 | D        | Gained mutation: Your body sometimes deteriorates upon
                  | taking damage. [potion of mutation]
   193 | D        | Gained mutation: Your magical capacity is low. (-10% MP)
                  | [potion of mutation]
   193 | D        | Gained mutation: You possess an exceptional clarity of
                  | mind. [potion of mutation]
   193 | D        | Gained mutation: You are resistant to hostile enchantments.
                  | (MR+) [potion of mutation]
   212 | D        | Noticed a water elemental
   224 | D        | Killed a water elemental
   224 | D        | Reached *** piety under Trog
   224 | D        | Reached XP level 5. HP: 41/42 MP: 4/4
   233 | D        | Killed a hellion
   251 | D        | Killed a yaktaur
   313 | D        | Found a basalt altar of Yredelemnul.
   313 | D        | Found a shadowy altar of Dithmenos.
   313 | D        | Found a sacrificial altar of Ru.
   313 | D        | Noticed a necrophage
   318 | D        | Killed a necrophage
   318 | D        | Reached skill level 7 in Dodging
   321 | D        | Reached XP level 6. HP: 53/53 MP: 5/5
   396 | D        | Found a radiant altar of Vehumet.
   396 | D        | Found a deep blue altar of Sif Muna.
   396 | D        | Found an ancient bone altar of Kikubaaqudgha.
   401 | D        | Reached **** piety under Trog
   401 | D        | Reached skill level 8 in Dodging
   403 | D        | Noticed a soul eater
   455 | D        | Found a glowing silver altar of Zin.
   455 | D        | Found a glowing golden altar of the Shining One.
   455 | D        | Found a white marble altar of Elyvilon.
   456 | D        | Noticed a deep elf mage
   462 | D        | Killed a deep elf mage
   462 | D        | Reached ***** piety under Trog
   462 | D        | Reached skill level 10 in Fighting
   462 | D        | Reached skill level 11 in Dodging
   462 | D        | Reached XP level 7. HP: 67/67 MP: 6/6
   537 | D        | Found a hide-covered altar of Uskayaw.
   537 | D        | Found a roughly hewn altar of Beogh.
   537 | D        | Found an iron altar of Okawaru.
   537 | D        | Found a bloodstained altar of Trog.
   537 | D        | Found an ornate altar of the Wu Jian Council.
   537 | D        | Noticed a human
   541 | D        | Noticed a human
   547 | D        | Killed a human
   547 | D        | Reached skill level 12 in Dodging
   552 | D        | Killed a human
   552 | D        | Reached skill level 13 in Dodging
   552 | D        | Reached XP level 8. HP: 75/75 MP: 7/7
   616 | D        | Noticed a shadow
   623 | D        | Killed a shadow
   715 | D        | Noticed an orc knight
   756 | D        | Killed an orc knight
   756 | D        | Reached skill level 14 in Dodging
   756 | D        | Reached XP level 9. HP: 72/84 MP: 8/8
   820 | D        | Reached ****** piety under Trog
   820 | D        | Received a gift from Trog
   834 | D        | Found a blossoming altar of Fedhas.
   834 | D        | Found a stormy altar of Qazlal.
   834 | D        | Noticed an orc sorcerer
   843 | D        | Killed an orc sorcerer
   843 | D        | Reached skill level 5 in Armour
   843 | D        | Reached skill level 15 in Dodging
   844 | D        | Noticed Erica
   845 | D        | Received a gift from Trog
   852 | D        | Killed Erica
   852 | D        | Reached skill level 16 in Dodging
   957 | D        | Found Gyeb's Distillery.
   977 | D        | Noticed a deep elf mage
   977 | D        | Noticed a deep elf mage
   977 | D        | Noticed a deep elf mage
   977 | D        | Noticed a deep elf mage
   977 | D        | Noticed a deep elf mage
   994 | D        | Killed a deep elf mage
   994 | D        | Received a gift from Trog
  1003 | D        | Killed a deep elf mage
  1003 | D        | Reached XP level 10. HP: 94/94 MP: 9/9
  1010 | D        | Killed a deep elf mage
  1021 | D        | Killed a deep elf mage
  1021 | D        | Received a gift from Trog
  1036 | D        | Killed a deep elf mage
  1036 | D        | Received a gift from Trog
  1105 | D        | Noticed a deep elf mage
  1287 | D        | Noticed a centaur warrior
  1301 | D        | Killed a centaur warrior
  1301 | D        | Received a gift from Trog
  1454 | D        | Killed an unseen horror
  1483 | D        | Reached XP level 11. HP: 81/100 MP: 9/9
  1490 | D        | Reached skill level 10 in Armour
  1509 | D        | Received a gift from Trog
  1509 | D        | Reached skill level 10 in Throwing
  1512 | D        | Received a gift from Trog
  1720 | D        | Received a gift from Trog
  1740 | D        | Received a gift from Trog
  1759 | D        | Received a gift from Trog
  1936 | D        | Noticed a dire elephant
  1949 | D        | Killed a dire elephant
  2107 | D        | Noticed Gastronok
  2114 | D        | Noticed Rupert
  2121 | D        | Killed Gastronok
  2121 | D        | Received a gift from Trog
  2130 | D        | Killed Rupert
  2130 | D        | Reached XP level 12. HP: 107/107 MP: 10/10
  2142 | D        | Noticed a dire elephant
  2314 | D        | Killed a dire elephant
  2323 | D        | Noticed an azure jelly
  2323 | D        | Noticed an azure jelly
  2323 | D        | Noticed an azure jelly
  2323 | D        | Noticed an azure jelly
  2388 | D        | Noticed a death yak
  2388 | D        | Noticed a death yak
  2433 | D        | Reached skill level 15 in Polearms
  2463 | D        | Received a gift from Trog
  2464 | D        | Noticed a death yak
  2684 | D        | Noticed a death yak
  2704 | D        | Killed a death yak
  2716 | D        | Killed a death yak
  2724 | D        | Killed a death yak
  2730 | D        | Killed a death yak
  2730 | D        | Received a gift from Trog
  2778 | D        | Noticed Polyphemus
  2812 | D        | Killed Polyphemus
  2910 | D        | Noticed Ilsuiw
  2913 | D        | Found Ihorath's Antique Armour Shoppe.
  2914 | D        | Found Xuwkah's Food Boutique.
  2930 | D        | Killed Ilsuiw
  2930 | D        | Reached XP level 13. HP: 114/114 MP: 11/11
  2939 | D        | Got a barnacled rune of Zot
  2950 | D        | Found Laep Ena's Book Emporium.
  2950 | D        | Noticed a merfolk javelineer
  2972 | D        | Killed a merfolk javelineer
  2972 | D        | Reached skill level 17 in Dodging
  2979 | D        | Bought a twisted cloak for 161 gold pieces
  2989 | D        | Identified the cursed -5 cloak of the Elven Halls {rElec
                  | rF+ Int+4 SInv} (You bought it in a shop in the Dungeon)
  2995 | D        | Bought a pair of glowing gloves for 127 gold pieces
  2995 | D        | Bought a shiny plate armour for 442 gold pieces
  2995 | D        | Bought a helmet for 76 gold pieces
  3111 | D        | Received a gift from Trog
  3131 | D        | Received a gift from Trog
  3131 | D        | Reached skill level 15 in Fighting
  3184 | D        | Noticed Urug
  3192 | D        | Killed Urug
  3446 | D        | Received a gift from Trog
  3464 | D        | Reached skill level 18 in Dodging
  4000 | D        | Noticed Dowan
  4000 | D        | Noticed Duvessa
  4017 | D        | Killed Dowan
  4034 | D        | Killed Duvessa
  4173 | D        | Received a gift from Trog
  4442 | D        | Noticed a fire dragon
  4448 | D        | Received a gift from Trog
  4457 | D        | Killed a fire dragon
  4457 | D        | Reached skill level 19 in Dodging
  4461 | D        | Received a gift from Trog
  4728 | D        | Reached skill level 15 in Armour
  4735 | D        | Got a shimmering bardiche
  4736 | D        | Identified the +1 bardiche "Fuxitz Poig" {antimagic, +Rage
                  | Int+3} (You found it in the Dungeon)
  4764 | D        | Noticed a yaktaur captain
  4787 | D        | Received a gift from Trog
  4824 | D        | Killed a yaktaur captain
  4824 | D        | Reached skill level 20 in Dodging
  4988 | D        | Noticed Chuck
  5032 | D        | Received a gift from Trog
  5040 | D        | Reached XP level 14. HP: 128/128 MP: 12/12
  5055 | D        | Noticed an ancient lich
  5107 | D        | Noticed a sphinx
  5107 | D        | Noticed a sphinx
  5115 | D        | Paralysed by a sphinx for 2 turns
  5118 | D        | Killed a sphinx
  5128 | D        | Killed a sphinx
  5128 | D        | Received a gift from Trog
  5255 | D        | Received a gift from Trog
  5505 | D        | Received a gift from Trog
  5524 | D        | Found Unewas's Antique Armour Emporium.
  5524 | D        | Found Ynishy's Food Shop.
  5524 | D        | Found Systrio's Antique Weapon Shoppe.
  5524 | D        | Found Zakin's Gadget Boutique.
  5524 | D        | Found Xap Moim's Magic Scroll Emporium.
  5524 | D        | Found Eczoc's Magic Scroll Shop.
  5524 | D        | Found Justefo's Armour Emporium.
  5524 | D        | Found Mayj's Antique Armour Boutique.
  5525 | D        | Found Vuyqaom's Armour Boutique.
  5525 | D        | Found Joavaawn's Book Shoppe.
  5525 | D        | Found Quaryruf's Jewellery Shop.
  5525 | D        | Found Astrask's Distillery.
  5550 | D        | Bought the +3 crown of Dyrovepreva {rElec Int+2 SInv} for
                  | 745 gold pieces
  5550 | D        | Found the +3 crown of Dyrovepreva {rElec Int+2 SInv}
  5603 | D        | Received a gift from Trog
  5980 | D        | Received a gift from Trog
  6010 | D        | Received a gift from Trog
  6018 | D        | Got a scorched halberd {god gift}
  6033 | D        | Received a gift from Trog
  6046 | D        | Got a brightly glowing halberd {god gift}
  6048 | D        | Identified the +11 halberd of Fyampusion {god gift, freeze,
                  | rC+} (Trog gifted it to you in the Dungeon)
  6049 | D        | Identified the +9 halberd of the Snake Pit {god gift,
                  | flame, Fragile rC+++ MR+++ Str-3} (Trog gifted it to you in
                  | the Dungeon)
  6135 | D        | Found a snail-covered altar of Cheibriados.
  6135 | D        | Found a burning altar of Makhleb.
  6135 | D        | Found a hazy altar of Hepliaklqana.
  6135 | D        | Found a shimmering altar of Xom.
  6135 | D        | Found an opulent altar of Gozag.
  6135 | D        | Found a sparkling altar of Nemelex Xobeh.
  6135 | D        | Found a corrupted altar of Lugonu.
  6135 | D        | Found a viscous altar of Jiyva.
  6172 | D        | Noticed a deep elf blademaster
  6178 | D        | Noticed a deep elf annihilator
  6180 | D        | Received a gift from Trog
  6183 | D        | Noticed a deep elf annihilator
  6194 | D        | Killed a deep elf annihilator
  6203 | D        | Identified the ring of Giusab {rF+ rC+ Str+3}
  6203 | D        | Identified the ring "Bave" {Ice MP-9 Str-5 Slay+5 SInv}
  6226 | D        | Killed a deep elf annihilator
  6226 | D        | Received a gift from Trog
  6227 | D        | Reached skill level 21 in Dodging
  6251 | D        | Killed a deep elf blademaster
  6283 | D        | Identified the Reference Book on the Ghastly Voyage
  6286 | D        | Identified the Disquisition on Scorching Transformation
  6407 | D        | Found a blossoming altar of Fedhas.
  6407 | D        | Paralysed by a spriggan for 4 turns
  6420 | D        | Received a gift from Trog
  6446 | D        | Received a gift from Trog
  6742 | D        | Found Ecowyts's Antique Weapon Emporium.
  6742 | D        | Found Fagiene's Gadget Shop.
  6749 | D        | Found Heecul's Distillery.
  6974 | D        | Bought a +1 cloak of poison resistance for 162 gold pieces
  7209 | D        | Noticed Boris
  7219 | D        | HP: 5/132 [Boris/iron shot (43)]
  7227 | D        | Killed Boris
  7227 | D        | Received a gift from Trog
  7227 | D        | Reached skill level 15 in Throwing
  7227 | D        | Reached skill level 22 in Dodging
  7233 | D        | Reached XP level 15. HP: 39/139 MP: 1/13
  7339 | D        | Noticed Mennas
  7356 | D        | Killed Mennas
  7356 | D        | Received a gift from Trog
  7460 | D        | Found Fuqirphu's Food Emporium.
  7460 | D        | Found Leoti's Gadget Shop.
  7460 | D        | Found Waigof's Armour Shop.
  7460 | D        | Found Kostruh's Food Shoppe.
  7469 | D        | Reached skill level 23 in Dodging
  7563 | D        | Bought a scroll of enchant armour for 97 gold pieces
  7593 | D        | Identified Roxanne's Guide on Clay
  7593 | D        | Noticed Roxanne
  7610 | D        | Killed Roxanne
  7610 | D        | Received a gift from Trog
  7611 | D        | Got an encrusted halberd {god gift}
  7612 | D        | Identified the +3 halberd "Riggusua" {god gift, speed,
                  | Str+3} (Trog gifted it to you in the Dungeon)
  7802 | D        | Received a gift from Trog
  7821 | D        | Noticed a storm dragon
  7837 | D        | Found Hyodij's Armour Boutique.
  7867 | D        | Received a gift from Trog
  7879 | D        | Got a faintly glowing trident {god gift}
  7880 | D        | Identified the +1 trident of Hell's Wrath {god gift,
                  | protect, Dex+2} (Trog gifted it to you in the Dungeon)
  7931 | D        | Noticed Mara
  7979 | D        | Noticed MikeHunt's illusion
  7988 | D        | Killed Mara
  8028 | D        | Received a gift from Trog
  8055 | D        | Reached skill level 10 in Evocations
  8060 | D        | Received a gift from Trog
  8094 | D        | Received a gift from Trog
  8104 | D        | Received a gift from Trog
  8183 | D        | Killed a storm dragon
  8203 | D        | Received a gift from Trog
  8210 | D        | Noticed Nikola
  8317 | D        | Killed Nikola
  8317 | D        | Received a gift from Trog
  8317 | D        | Reached skill level 15 in Evocations
  8325 | D        | Received a gift from Trog
  8380 | D        | Reached XP level 16. HP: 61/150 MP: 15/24
  8658 | D        | Received a gift from Trog
  8680 | D        | Received a gift from Trog
  8680 | D        | Noticed Geryon
  8832 | D        | Noticed an Executioner
  8839 | D        | Killed an Executioner
  8923 | D        | Killed Chuck
  8927 | D        | Received a gift from Trog
  8956 | D        | Noticed Sojobo
  9002 | D        | Killed Sojobo
  9224 | D        | Received a gift from Trog
  9233 | D        | Noticed a lich
  9242 | D        | Killed a lich
  9242 | D        | Received a gift from Trog
  9258 | D        | Received a gift from Trog
  9271 | D        | Noticed a shadow dragon
  9271 | D        | Noticed a shadow dragon
  9274 | D        | Received a gift from Trog
  9294 | D        | Killed a shadow dragon
  9294 | D        | Received a gift from Trog
  9294 | D        | Killed a shadow dragon
  9438 | D        | Received a gift from Trog
  9438 | D        | Noticed a shadow dragon
  9452 | D        | Identified the ring "Huschiff" {rN+ MR+ Int+3 Dex+4}
  9463 | D        | Received a gift from Trog
  9464 | D        | Noticed a golden dragon
  9465 | D        | Received a gift from Trog
  9473 | D        | Noticed a titan
  9478 | D        | Killed a titan
  9478 | D        | Received a gift from Trog
  9481 | D        | Received a gift from Trog
  9492 | D        | Killed a golden dragon
  9492 | D        | Reached XP level 17. HP: 120/157 MP: 25/25
  9514 | D        | Received a gift from Trog
  9515 | D        | Found the +13 scythe of Curses {god gift, drain, *Curse}
  9534 | D        | Received a gift from Trog
  9596 | D        | Got a silver rune of Zot
  9830 | D        | Paralysed by a floating eye for 4 turns
  9844 | D        | Killed a deep elf blademaster
  9913 | D        | Killed Nessos
 10117 | D        | Killed a deep elf blademaster
 10218 | D        | Reached skill level 24 in Dodging
 10229 | D        | Noticed Azrael
 10240 | D        | Killed Azrael
 10240 | D        | Received a gift from Trog
 10333 | D        | Bought the +1 pair of boots "Xirph" {Dex+3} for 273 gold
                  | pieces
 10340 | D        | Bought an uncursed amulet of regeneration for 390 gold
                  | pieces
 10510 | D        | Noticed a deep elf blademaster
 10514 | D        | Killed a deep elf blademaster
 10605 | D        | Gained mutation: You are dopey. (Int -2) [a shining eye]
 10610 | D        | Paralysed by a floating eye for 2 turns
 10676 | D        | Received a gift from Trog
 10702 | D        | Noticed an iron giant
 10706 | D        | Reached skill level 25 in Dodging
 10720 | D        | Killed an iron giant
 10720 | D        | Received a gift from Trog
 10735 | D        | Killed Geryon
 10735 | D        | Reached skill level 26 in Dodging
 10914 | D        | Received a gift from Trog
 10927 | D        | Reached skill level 27 in Dodging
 10950 | D        | Gained mutation: Your body often deteriorates upon taking
                  | damage. [a shining eye]
 10997 | D        | Noticed an acid blob
 11009 | D        | Killed an acid blob
 11021 | D        | Received a gift from Trog
 11114 | D        | Bought a potion of curing for 39 gold pieces
 11114 | D        | Bought a potion of curing for 39 gold pieces
 11114 | D        | Bought a potion of mutation for 104 gold pieces
 11114 | D        | Bought a potion of haste for 130 gold pieces
 11114 | D        | Bought a potion of flight for 39 gold pieces
 11145 | D        | Got a decaying rune of Zot
 11276 | D        | Bought 3 potions of curing for 99 gold pieces
 11276 | D        | Bought a potion of agility for 44 gold pieces
 11276 | D        | Bought a potion of agility for 44 gold pieces
 11276 | D        | Bought a potion of curing for 33 gold pieces
 11276 | D        | Bought a potion of heal wounds for 55 gold pieces
 11355 | D        | Bought a potion of agility for 48 gold pieces
 11355 | D        | Bought 2 potions of haste for 240 gold pieces
 11355 | D        | Bought 2 potions of heal wounds for 120 gold pieces
 11355 | D        | Bought a potion of heal wounds for 60 gold pieces
 11355 | D        | Bought a potion of might for 48 gold pieces
 11355 | D        | Bought a potion of resistance for 120 gold pieces
 11355 | D        | Bought a potion of agility for 48 gold pieces
 11355 | D        | Bought a potion of heal wounds for 60 gold pieces
 11454 | D        | Received a gift from Trog
 11460 | D        | Found a viscous altar of Jiyva.
 11460 | D        | Noticed the Royal Jelly
 11465 | D        | Noticed an acid blob
 11466 | D        | Noticed an acid blob
 11466 | D        | Noticed an acid blob
 11466 | D        | Noticed an acid blob
 11466 | D        | Noticed an acid blob
 11468 | D        | Noticed an acid blob
 11469 | D        | Noticed an acid blob
 11471 | D        | Noticed an acid blob
 11472 | D        | Killed the Royal Jelly
 11486 | D        | Killed an acid blob
 11490 | D        | Killed an acid blob
 11491 | D        | Killed an acid blob
 11492 | D        | Killed an acid blob
 11494 | D        | Slain by an acid blob

Levels and vault maps discovered:
D:        dungeon_sprint_mu [sprint_mu_entry_forest, sprint_mu_temple_rooms,
          sprint_mu_d1_horrors, sprint_mu_d2_genie, sprint_mu_d3_branching,
          sprint_mu_orc_legion, sprint_mu_elf_gauntlet, sprint_mu_hive_nellie,
          sprint_mu_lair_fedhas, sprint_mu_vaults_butterflies,
          sprint_mu_slime_circle, sprint_mu_swamp_cave, sprint_mu_shoals_archi,
          sprint_mu_blade_basic, sprint_mu_crypt_lich, sprint_mu_tomb_spiral,
          sprint_mu_vestibule_basic, sprint_mu_gehenna_hellfire,
          sprint_mu_dis_giant, sprint_mu_tartarus_statrot,
          sprint_mu_cocytus_islands, sprint_mu_zot1]

Skill      XL: |  1  2  3  4  5  6  7  8  9 10 11 12 13 14 15 16 17 |
---------------+----------------------------------------------------+-----
Polearms       | 6 9 10 12 13 14 20 24 | 24.7
Dodging        | 3 7 11 13 14 16 20 22 23 27 | 27.0
Fighting       | 6 10 11 12 14 17 19 20 25 | 25.5
Armour         | 4 7 9 12 13 15 16 17 23 25 | 25.1
Throwing       | 3 9 14 15 16 | 16.0
Evocations     | 15 | 15.3

Action                   |  1- 3 |  4- 6 |  7- 9 | 10-12 | 13-15 | 16-18 || total
-------------------------+-------+-------+-------+-------+-------+-------++-------
Melee: Spear             |    33 |    30 |    67 |       |       |       ||   130
       Tailslap          |     1 |       |       |    22 |     9 |    11 ||    43
       Trident           |       |       |    46 |   181 |       |       ||   227
       Glaive            |       |       |       |    58 |     8 |     8 ||    74
       Demon trident     |       |       |       |    47 |   294 |       ||   341
       Bardiche          |       |       |       |       |   142 |       ||   142
       Halberd           |       |       |       |       |   278 |   316 ||   594
Throw: Javelin           |       |       |       |    43 |   120 |    94 ||   257
       Tomahawk          |       |       |       |     5 |       |     3 ||     8
Invok: Berserk           |     1 |     4 |     4 |     6 |     7 |     2 ||    24
       Trog's Hand       |       |       |       |     3 |    15 |    15 ||    33
       Brothers in Arms  |       |       |       |       |     3 |     4 ||     7
 Abil: Evoke Flight      |       |       |       |       |       |     4 ||     4
Evoke: Wand              |       |       |       |       |       |     5 ||     5
       Lamp of fire      |       |       |       |       |       |     3 ||     3
       Horn of Geryon    |       |       |       |       |       |     1 ||     1
  Use: Potion            |       |     1 |       |       |     4 |     4 ||     9
       Scroll            |       |       |       |       |     4 |     7 ||    11
 Stab: Sleeping          |     1 |       |       |       |       |       ||     1
       Confused          |       |       |       |     1 |       |       ||     1
       Distracted        |       |       |       |       |     3 |     3 ||     6
  Eat: Ration            |       |     1 |       |     1 |     7 |     5 ||    14
       Chunk             |       |       |     5 |     9 |    12 |       ||    26
Armor: Animal skin       |     1 |     2 |       |       |       |       ||     3
       Ring mail         |       |       |     8 |     3 |       |       ||    11
       Plate armour      |       |       |       |    58 |   243 |   182 ||   483
Dodge: Dodged            |     5 |     7 |    32 |   106 |   323 |   324 ||   797

Table legend:
 A = Non-vault XP
 B = Vault XP
 C = Vault XP percentage of total XP
 D = Non-vault monster count
 E = Vault monster count
 F = Vault count percentage of total count
                 A         B        C        D         E       F
            +---------+---------+-------+---------+---------+-------
      Total |    1096 |  241735 |  99.5 |       4 |     324 |  98.8
            +---------+---------+-------+---------+---------+-------
          D |    1096 |  241735 |  99.5 |       4 |     324 |  98.8
            +---------+---------+-------+---------+---------+-------
